 Dungeon Crawl Stone Soup version 0.28.0-43-g3370ac3207 (webtiles) character file.

Game seed: 1403458041014902995

53 demenzo the Skirmisher (level 3, -4/40 HPs)
             Began as an Ogre Berserker on Mar 10, 2022.
             Was a Follower of Trog.
             Slain by Robin
             ... wielding a +5 vorpal spear
              (7 damage)
             ... on level 2 of the Dungeon.
             The game lasted 00:02:04 (1584 turns).

demenzo the Skirmisher (Ogre Berserker)             Turns: 1584, Time: 00:02:04

Health: -4/40      AC:  3    Str: 23    XL:     3   Next: 89%
Magic:  3/3        EV: 10    Int:  8    God:    Trog [*.....]
Gold:   26         SH:  0    Dex:  8    Spells: 2/2 levels left

rFire   + . .      SeeInvis .   a - +0 mace
rCold   . . .      Faith    .   (no shield)
rNeg    . . .      Spirit   .   b - +0 animal skin
rPois   .          Reflect  .   (helmet restricted)
rElec   .          Harm     .   (no cloak)
rCorr   .          Rampage  .   (gloves unavailable)
Will    .....                   (boots unavailable)
Stlth   +.........              (no amulet)
HPRegen 0.13/turn               e - ring of protection from fire
MPRegen 0.08/turn               (no ring)

@: on berserk cooldown, slowed, very slow
A: large, unfitting armour, tough skin 1
a: Renounce Religion, Berserk


You were on level 2 of the Dungeon.
You worshipped Trog.
Trog was aware of your devotion.
You visited 1 branch of the dungeon, and saw 2 of its levels.

You collected 26 gold pieces.

Inventory:

Hand Weapons
 a - a +0 mace (weapon)
 h - a +0 hunting sling
Missiles
 d - 79 stones (quivered)
Armour
 b - a +0 animal skin (worn)
Jewellery
 e - a ring of protection from fire (left hand)
Scrolls
 f - a scroll of acquirement {unknown}
Potions
 g - a potion of brilliance {unknown}
 i - a potion of ambrosia {unknown}


   Skills:
 + Level 4.7 Fighting
 * Level 3.7 Maces & Flails
 - Level 3.0 Dodging


You had 2 spell levels left.
You didn't know any spells.
Your spell library was empty.

Dungeon Overview and Level Annotations

Branches:
Dungeon (2/15)

Altars:

Annotations:
D:2 Robin


Innate Abilities, Weirdness & Mutations

You are too large for most types of armour.
You have tough skin. (AC +1)


Message History

You are exhausted.
You feel yourself slow down. The hobgoblin hits you.
You closely miss Robin.
Robin is heavily wounded.
Robin misses you. The hobgoblin hits you.
* * * LOW HITPOINT WARNING * * *
Robin points. "Kill!"
Robin hits you with a +5 vorpal spear.
* * * LOW HITPOINT WARNING * * *
x2 The hobgoblin hits you.
* * * LOW HITPOINT WARNING * * *
Unknown command.
Unknown command.
Unknown command.
Unknown command.
Unknown command.
Unknown command.
Unknown command.
Unknown command.
Unknown command.
Unknown command.
Unknown command.
Unknown command.
Unknown command.
Unknown command.
Unknown command.
Unknown command.
Unknown command.
Unknown command.
Unknown command.
Unknown command.
Unknown command.
Unknown command.
Unknown command.
Unknown command.
It was a potion of curing.
You feel better. Robin hits you with a +5 vorpal spear.
* * * LOW HITPOINT WARNING * * *
x2 The hobgoblin completely misses you.
Robin hits you with a +5 vorpal spear!
You die...

#.#..........#
#.#..........#
#.#..........#
##.#..........#
...#.........########.#
).........####........#
.............#.########
..........#.##)##.....#...
#########.#.....@g......#
#.#..#)##g###.#.#
#.#..#.##.# #.#..#.##.#
..#..#.##.# ###..#.##.#
#..#.##.# #..#.##.#


You could see Robin (resistant) and a hobgoblin (strong).

Vanquished Creatures
  Terence (D:2)
  2 ball pythons
  2 bats (D:1)
  2 endoplasms (D:1)
  A giant cockroach (D:1)
  4 hobgoblins
  3 quokkas
  A frilled lizard (D:2)
  7 goblins (D:2)
  4 rats
27 creatures vanquished.

Notes
Turn   | Place    | Note
-------+----------+-------------------------------------------
     0 | D:1      | demenzo the Ogre Berserker began the quest for the Orb.
     0 | D:1      | Reached XP level 1. HP: 24/24 MP: 1/1
   524 | D:1      | Reached XP level 2. HP: 32/32 MP: 2/2
  1194 | D:2      | Noticed Terence
  1203 | D:2      | Killed Terence
  1204 | D:2      | Reached XP level 3. HP: 8/40 MP: 3/3
  1565 | D:2      | Noticed Robin
  1583 | D:2      | HP: 1/40 [hobgoblin[Robin] (4)]
  1584 | D:2      | Slain by Robin

Illustrated notes

Levels and vault maps discovered:
D:1:      dpeg_arrival_simpleton_b, layout_basic, minmay_door_square,
          chequers_serial_rivers_small_3
D:2:      layout_basic, uniq_terence, uniq_robin

Skill      XL: |  1  2 |
---------------+-------+-----
Maces & Flails | 3 |  3.7
Dodging        | 3 |  3.0
Fighting       | |  4.7

Action                   || total
-------------------------++-------
Melee: Mace              ||    66
       Punch             ||     1
Invok: Berserk           ||     2
  Use: Potion            ||     1
Armor: Animal skin       ||    30
Dodge: Dodged            ||    41
